 Dungeon Crawl Stone Soup version 0.31.0-11-ge490571c62 (webtiles) character file.

Game seed: 1528131439543830179

27386 solopath the Thaumaturge (level 13, -3/99 HPs)
             Began as a Gnoll Alchemist on Jan 27, 2024.
             Was an Elder of Sif Muna.
             Killed from afar by an efreet (26 damage)
             ... with a fireball
             ... on level 12 of the Dungeon on Jan 28, 2024.
             The game lasted 00:44:59 (17824 turns).

solopath the Thaumaturge (Gnoll Alchemist)         Turns: 17824, Time: 00:44:59

Health: -3/99      AC:  9    Str:  6    XL:     13   Next: 32%
Magic:  35/35      EV: 14    Int: 22    God:    Sif Muna [****..]
Gold:   704        SH:  7    Dex:  9    Spells: 5/31 levels left

rFire   . . .        J - staff of alchemy
rCold   . . .        K - +2 buckler
rNeg    . . .        s - +1 robe of the Shore {Will+ Int+3 Dex-4 Archmagi}
rPois   +            (no helmet)
rElec   .            i - scarf {shadows}
rCorr   .            D - +0 pair of gloves
SInv    .            (no boots)
Will    +....        d - amulet of magic regeneration
Stlth   ++++         c - ring of magical power
HPRegen 0.36/turn    p - +4 ring of protection
MPRegen 0.64/turn

%: archmagi
@: no status effects
A: fangs 1, strong nose, distributed training, weak 1
a: Renounce Religion, Channel Magic, Forget Spell, Divine Exegesis


You were on level 12 of the Dungeon.
You worshipped Sif Muna.
Sif Muna was greatly pleased with you.
You visited 3 branches of the dungeon, and saw 14 of its levels.

You collected 704 gold pieces.

Inventory:

Hand Weapons
 y - a +2 trident of electrocution
 B - the +1 whip "Impbane" {flame, rElec rC+ Will+ rCorr}
   (You found it on level 9 of the Dungeon)

   rC+:       It protects you from cold.
   rElec:     It insulates you from electricity.
   Will+:     It increases your willpower.
   rCorr:     It protects you from acid and corrosion.
Missiles
 t - a throwing net
Armour
 a - a +0 robe
 i - a scarf of shadows (worn)
 s - the +1 robe of the Shore (worn) {Will+ Int+3 Dex-4 Archmagi}
   (You found it on level 4 of the Dungeon)

   Int+3:     It affects your intelligence (+3).
   Dex-4:     It affects your dexterity (-4).
   Will+:     It increases your willpower.
   Archmagi:  It increases the power of your magical spells.
 D - a +0 pair of gloves (worn)
 K - a +2 buckler (worn)
Magical Staves
 r - a staff of cold
 J - a staff of alchemy (weapon)
Jewellery
 b - a ring of ice
 c - a ring of magical power (left hand)
 d - an amulet of magic regeneration (around neck)
 p - a +4 ring of protection (right hand)
 G - an amulet of reflection
 H - an amulet of the acrobat
Wands
 l - a wand of paralysis (7)
 u - a wand of quicksilver (5)
 x - a wand of polymorph (6)
Scrolls
 e - 3 scrolls of noise
 k - 9 scrolls of teleportation
 m - 2 scrolls of fear
 o - a scroll of torment
 q - 2 scrolls of vulnerability
 v - a scroll of enchant weapon
 z - a scroll of poison
 E - 2 scrolls of identify
 F - a scroll of immolation {unknown}
Potions
 f - a potion of cancellation
 g - 6 potions of heal wounds
 h - 2 potions of brilliance
 j - 5 potions of curing
 n - 3 potions of might
 w - a potion of enlightenment
 A - a potion of lignification
 C - a potion of ambrosia
Miscellaneous
 I - a box of beasts (inert)


   Skills:
 + Level 8.5 Fighting
 + Level 8.5 Short Blades
 + Level 8.5 Long Blades
 + Level 8.5 Axes
 + Level 8.5 Maces & Flails
 + Level 8.5 Polearms
 + Level 8.5 Staves
 + Level 8.5 Ranged Weapons
 + Level 8.5 Throwing
 + Level 8.5 Armour
 + Level 9.7 Dodging
 + Level 9.5 Stealth
 + Level 8.5 Shields
 + Level 8.5 Unarmed Combat
 + Level 9.9 Spellcasting
 + Level 7.4 Conjurations
 + Level 7.0 Hexes
 + Level 7.0 Summonings
 + Level 7.0 Necromancy
 + Level 7.0 Translocations
 + Level 7.0 Fire Magic
 + Level 7.0 Ice Magic
 + Level 7.0 Air Magic
 + Level 7.0 Earth Magic
 + Level 9.0 Alchemy
 + Level 9.3 Invocations
 + Level 8.5 Evocations
 + Level 7.7 Shapeshifting


You had 5 spell levels left.
You knew the following spells:

 Your Spells              Type           Power      Damage    Failure   Level
a - Sting                 Conj/Alch      100%       1d9       1%          1
b - Mercury Vapours       Alch/Air       100%       N/A       1%          2
c - Mephitic Cloud        Conj/Alch/Air  80%        N/A       1%          3
d - Frozen Ramparts       Ice            100%       1d16      1%          3
e - Olgreb's Toxic Radia  Alch           85%        N/A       2%          4
f - Sticky Flame          Fire/Alch      81%        2d13      3%          4
g - Call Imp              Summ           100%       N/A       1%          2
h - Yara's Violent Unrav  Hex/Alch       40%        3d16      9%          5
i - Blink                 Tloc           100%       N/A       1%          2

Your spell library contained the following spells:

 Spells                   Type           Power      Damage    Failure   Level
 Necrotise                Necr           100%       1d9       1%          1
 Jinxbite                 Hex            100%       N/A       1%          2
 Lesser Beckoning         Tloc           100%       N/A       1%          2
 Momentum Strike          Conj/Tloc      100%       3d10      1%          2
 Sublimation of Blood     Necr           58%        N/A       1%          2
 Hailstorm                Conj/Ice       59%        3d11      1%          3
 Summon Ice Beast         Ice/Summ       58%        N/A       1%          3
 Vampiric Draining        Necr           58%        2d10      1%          3
 Leda's Liquefaction      Alch/Erth      40%        N/A       3%          4
 Petrify                  Alch/Erth      81%        N/A       3%          4
 Martyr's Knell           Necr/Summ      58%        N/A       4%          4
 Curse of Agony           Necr           58%        N/A       14%         5
 Metabolic Englaciation   Hex/Ice        29%        N/A       14%         5
 Sculpt Simulacrum        Ice/Alch       40%        N/A       45%         6
 Enfeeble                 Hex            29%        N/A       99%         7
 Summon Hydra             Summ           29%        N/A       99%         7


Dungeon Overview and Level Annotations

Branches:
Dungeon (12/15)            Temple (1/1) D:6            Lair (1/5) D:11
    Orc (0/2) D:12

Altars:
Ashenzari
Cheibriados
Dithmenos
Elyvilon
Fedhas
Gozag
Hepliaklqana
Kikubaaqudgha
Makhleb
Nemelex Xobeh
Okawaru
Qazlal
Ru
Sif Muna
Trog
Uskayaw
Vehumet
Wu Jian
Xom
Yredelemnul
Zin
The Shining One

Annotations:
D:6 3 runed translucent doors, Gadfly's ghost, novice MfSh
D:9 2 runed translucent doors, exclusion: orange crystal statue
D:10 exclusion: statue


Innate Abilities, Weirdness & Mutations

You have very sharp teeth.
Your uncanny sense of smell can sniff out nearby items.
Your experience applies equally to all skills.
You are weak. (Str -2)


Message History

Casting: Olgreb's Toxic Radiance (dangerous; 2% risk of failure)
Confirm with . or Enter, or press ? or * to list all spells.
Casting: Frozen Ramparts (safe; 1% risk of failure)
Press: ? - help, Dir - look around, f - activate You feel a surge of power!
The walls around you are covered in ice.
The wall freezes the slime creature!
The wall freezes the slime creature!
Casting: Frozen Ramparts (safe; 1% risk of failure)
Confirm with . or Enter, or press ? or * to list all spells.
Aiming: Sticky Flame (dangerous; 3% risk of failure)
Press: ? - help, Shift-Dir - straight line, f - slime creature
Aim: a slime creature (moderately wounded)
You feel a strong surge of power!
The sticky flame hits the slime creature!
The slime creature is severely wounded.
The slime creature burns!
The wall freezes the slime creature.
The slime creature hits you!
You hit the slime creature but do no damage.
The slime creature is severely wounded.
The slime creature burns!
The wall freezes the slime creature!
You kill the slime creature!
Sif Muna accepts your kill.
Okay, then.
The efreet gestures at you. The bolt of fire hits you!!!
The efreet gestures at you.
The fireball explodes!
The fireball engulfs you!!
The frozen ramparts melt away as you move.
The efreet gestures at you.
The fireball explodes!
The fireball engulfs you!
* * * LOW HITPOINT WARNING * * *
There is an open door here.
Unknown command.
There is an open door here.
You close the door.
Something unseen opens the door.
The efreet gestures at you.
The fireball explodes!
The fireball engulfs you!!
You die...

#.....###'####. .......######
#............. ............#
#...........#######...........#
...>........#.....#......######
#...........#.....#......#
#..#######.°#.....#......# #..#
#.R#.....#......# ...#
#..#)...##......# ...#
#.°#...@#.....^.# ...#
#..R....#.......# ...#
##..#....#.......# ...#
#...#....#.......# #..#
#...#....#.......# #..#
#...#^...#.......##### #..#
#...#....'...........#
...######...#....#...........#
#.........).#....#...........#


You could see an efreet.

Vanquished Creatures
  Fannar (D:10)
  3 boulder beetles (D:12)
  2 two-headed ogres
  A skeletal warrior (D:11)
  Nergalle (D:11)
  An orc knight (D:12)
  An oklob plant (D:11)
  9 elephants
  A manticore (D:8)
  A meliai (shapeshifter) (D:12)
  A black mamba (Lair:1)
  3 gargoyles
  5 cane toads (Lair:1)
  An efreet (D:11)
  A tengu conjurer (D:12)
  2 komodo dragons (Lair:1)
  Psyche (D:9)
  A freezing wraith (D:12)
  3 trolls
  A hornet (D:8)
  4 blink frogs (Lair:1)
  5 slime creatures
  Sigmund (D:3)
  A wyvern (D:10)
  23 yaks
  A wraith (D:10)
  2 vampire mosquitoes (D:12)
  2 steam dragons
  2 acid dragons (D:8)
  3 water moccasins
  Duvessa (D:5)
  An ice beast (D:6)
  2 sky beasts
  3 orc warriors (D:7)
  2 ogres
  2 black bears (D:8)
  6 wolves (Lair:1)
  2 centaurs
  2 phantoms
  5 kobold brigands
  7 bullfrogs
  3 scorpions
  3 gnoll sergeants
  5 wights
  Dowan (D:5)
  10 killer bees
  3 howler monkeys
  2 jellies
  2 hounds
  A bombardier beetle (D:7)
  A gnoll bouda (D:8)
  6 orc priests
  4 sleepcaps
  An iguana (D:5)
  11 orc wizards
  4 adders
  9 gnolls
  2 shadow imps
  2 ufetubi (D:6)
  A ribbon worm (D:3)
  2 dart slugs
  33 orcs
  6 ball pythons
  4 endoplasms
  2 giant cockroaches (D:2)
  6 goblins
  7 hobgoblins
  3 quokkas
  4 bats
  2 frilled lizards
  20 kobolds
  4 rats (D:1)
281 creatures vanquished.

Vanquished Creatures (collateral kills)
  2 centaur warriors
  A deep elf zephyrmancer (D:12)
  A manticore (D:12)
  A wraith (D:12)
  A wight (D:7)
  An iguana (D:6)
7 creatures vanquished.

Grand Total: 288 creatures vanquished

Notes
Turn   | Place    | Note
-------+----------+-------------------------------------------
     0 | D:1      | solopath the Gnoll Alchemist began the quest for the Orb.
     0 | D:1      | Reached XP level 1. HP: 13/13 MP: 6/6
   256 | D:1      | Reached XP level 2. HP: 19/19 MP: 3/7
   842 | D:1      | Reached skill level 5 in Spellcasting
   842 | D:1      | Reached XP level 3. HP: 25/25 MP: 4/9
   845 | D:1      | Learned a level 2 spell: Mercury Vapours
   849 | D:1      | Learned a level 3 spell: Mephitic Cloud
  1316 | D:2      | Reached skill level 1 in Invocations
  1556 | D:2      | Reached skill level 1 in Fighting
  1556 | D:2      | Reached skill level 1 in Short Blades
  1556 | D:2      | Reached skill level 1 in Long Blades
  1556 | D:2      | Reached skill level 1 in Axes
  1556 | D:2      | Reached skill level 1 in Maces & Flails
  1556 | D:2      | Reached skill level 1 in Polearms
  1556 | D:2      | Reached skill level 1 in Staves
  1556 | D:2      | Reached skill level 1 in Ranged Weapons
  1556 | D:2      | Reached skill level 1 in Throwing
  1556 | D:2      | Reached skill level 1 in Armour
  1556 | D:2      | Reached skill level 1 in Shields
  1556 | D:2      | Reached skill level 1 in Unarmed Combat
  1556 | D:2      | Reached skill level 1 in Evocations
  2297 | D:3      | Reached skill level 1 in Shapeshifting
  2297 | D:3      | Reached XP level 4. HP: 28/32 MP: 4/11
  2724 | D:3      | Noticed Sigmund
  2739 | D:3      | Killed Sigmund
  2740 | D:3      | Reached skill level 1 in Hexes
  2740 | D:3      | Reached skill level 1 in Summonings
  2740 | D:3      | Reached skill level 1 in Necromancy
  2740 | D:3      | Reached skill level 1 in Translocations
  2740 | D:3      | Reached skill level 1 in Fire Magic
  2740 | D:3      | Reached skill level 1 in Ice Magic
  2740 | D:3      | Reached skill level 1 in Air Magic
  2740 | D:3      | Reached skill level 1 in Earth Magic
  2740 | D:3      | Reached XP level 5. HP: 35/38 MP: 3/12
  3176 | D:4      | Reached XP level 6. HP: 44/44 MP: 9/13
  3499 | D:4      | Learned a level 3 spell: Frozen Ramparts
  3522 | D:4      | Found a shimmering blue altar of Sif Muna.
  3538 | D:4      | Identified the +1 robe of the Shore {Will+ Int+3 Dex-4
                  | Archmagi}
  3558 | D:4      | Became a worshipper of Sif Muna the Loreminder
  3610 | D:4      | Found a sparkling altar of Nemelex Xobeh.
  3751 | D:4      | Found a white marble altar of Elyvilon.
  3772 | D:4      | Reached skill level 5 in Dodging
  3925 | D:5      | Entered Level 5 of the Dungeon
  3925 | D:5      | Found a snail-covered altar of Cheibriados.
  4099 | D:5      | Noticed Duvessa
  4099 | D:5      | Noticed Dowan
  4242 | D:4      | Reached XP level 7. HP: 43/50 MP: 10/15
  4247 | D:4      | Learned a level 4 spell: Olgreb's Toxic Radiance
  4296 | D:4      | Learned a level 4 spell: Sticky Flame
  4405 | D:5      | Killed Duvessa
  4406 | D:5      | Reached skill level 5 in Stealth
  4419 | D:5      | Killed Dowan
  4592 | D:5      | Noticed a shadow
  4594 | D:5      | Reached XP level 8. HP: 48/58 MP: 11/16
  4605 | D:5      | Gained mutation: You are weak. (Str -2) [potion of
                  | mutation]
  4818 | D:6      | Reached * piety under Sif Muna
  4924 | D:6      | Found a staircase to the Ecumenical Temple.
  4930 | Temple   | Entered the Ecumenical Temple
  5031 | D:6      | Found an opulent altar of Gozag.
  5516 | D:6      | Found a runed translucent gate.
  5516 | D:6      | Found a runed translucent gate.
  5708 | D:6      | Found a runed translucent gate.
  5709 | D:6      | Noticed Gadfly's ghost (novice MfSh)
  5776 | D:6      | Found a blossoming altar of Fedhas.
  5804 | D:6      | Learned a level 2 spell: Call Imp
  6878 | D:7      | Reached XP level 9. HP: 65/65 MP: 9/18
  7676 | D:7      | Found a stormy altar of Qazlal.
  7781 | D:7      | Found a hazy altar of Hepliaklqana.
  7904 | D:7      | Reached skill level 5 in Invocations
  8167 | D:8      | Noticed a manticore
  8316 | D:8      | Found a bloodstained altar of Trog.
  8322 | D:8      | Reached ** piety under Sif Muna
  8495 | D:8      | Killed a manticore
  8496 | D:8      | Reached skill level 5 in Fighting
  8496 | D:8      | Reached skill level 5 in Short Blades
  8496 | D:8      | Reached skill level 5 in Long Blades
  8496 | D:8      | Reached skill level 5 in Axes
  8496 | D:8      | Reached skill level 5 in Maces & Flails
  8496 | D:8      | Reached skill level 5 in Polearms
  8496 | D:8      | Reached skill level 5 in Staves
  8496 | D:8      | Reached skill level 5 in Ranged Weapons
  8496 | D:8      | Reached skill level 5 in Throwing
  8496 | D:8      | Reached skill level 5 in Armour
  8496 | D:8      | Reached skill level 5 in Shields
  8496 | D:8      | Reached skill level 5 in Unarmed Combat
  8496 | D:8      | Reached skill level 5 in Evocations
  8496 | D:8      | Reached XP level 10. HP: 57/74 MP: 2/20
  9160 | D:8      | Reached skill level 5 in Conjurations
  9354 | D:8      | Reached skill level 5 in Shapeshifting
  9727 | D:9      | Found a basalt altar of Yredelemnul.
  9807 | D:9      | Noticed Psyche
  9814 | D:9      | Killed Psyche
  9985 | D:9      | Found a runed translucent door.
 10000 | D:9      | Found a runed translucent door.
 10013 | D:9      | Found a runed translucent door.
 10028 | D:9      | Found a runed translucent door.
 10120 | D:9      | Identified the +1 whip "Impbane" {flame, rElec rC+ Will+
                  | rCorr}
 10129 | D:9      | Reached *** piety under Sif Muna
 10719 | D:9      | Noticed an orange crystal statue
 10765 | D:10     | Entered Level 10 of the Dungeon
 10823 | D:10     | Noticed Fannar
 10833 | D:10     | Killed Fannar
 11111 | D:10     | Reached skill level 5 in Hexes
 11111 | D:10     | Reached skill level 5 in Summonings
 11111 | D:10     | Reached skill level 5 in Necromancy
 11111 | D:10     | Reached skill level 5 in Translocations
 11111 | D:10     | Reached skill level 5 in Fire Magic
 11111 | D:10     | Reached skill level 5 in Ice Magic
 11111 | D:10     | Reached skill level 5 in Air Magic
 11111 | D:10     | Reached skill level 5 in Earth Magic
 11275 | D:10     | Reached XP level 11. HP: 63/81 MP: 22/22
 11678 | D:10     | Found a radiant altar of Vehumet.
 11757 | D:11     | Found a staircase to the Lair.
 11772 | D:11     | Noticed Nergalle
 11783 | D:11     | Killed Nergalle
 11795 | D:11     | Noticed an oklob plant
 12108 | D:11     | Noticed a two-headed ogre
 12121 | D:11     | Killed a two-headed ogre
 12936 | D:11     | Learned a level 5 spell: Yara's Violent Unravelling
 12958 | D:11     | Killed an oklob plant
 13016 | D:12     | Noticed a boulder beetle
 13030 | D:12     | Killed a boulder beetle
 13083 | D:12     | Learned a level 2 spell: Blink
 13117 | D:12     | Reached **** piety under Sif Muna
 13197 | D:12     | Noticed a deep elf zephyrmancer
 13197 | D:12     | Noticed a centaur warrior
 13211 | D:12     | Noticed a centaur warrior
 13479 | D:12     | Noticed a two-headed ogre
 13718 | D:12     | Noticed a boulder beetle
 13726 | D:12     | Killed a boulder beetle
 13731 | D:12     | Noticed a skeletal warrior
 13831 | Lair:1   | Entered Level 1 of the Lair of Beasts
 14140 | Lair:1   | Reached XP level 12. HP: 51/91 MP: 24/24
 14299 | D:12     | Identified the +7 halberd of Futimeqet {flame, rElec rPois
                  | Str-2}
 14501 | D:11     | Killed a centaur warrior
 16481 | D:12     | Killed a two-headed ogre
 16482 | D:12     | Reached XP level 13. HP: 82/98 MP: 26/26
 16518 | D:12     | Found a staircase to the Orcish Mines.
 17135 | D:12     | Identified the +1 shortbow "Jiris" {heavy, rPois}
 17136 | D:12     | Identified the +7 demon whip of Usulymeg {freeze, rF+}
 17824 | D:12     | Killed from afar by an efreet

Illustrated notes

Levels and vault maps discovered:
D:1:      minmay_arrival_wavy_path, layout_loops_corners
D:2:      minmay_skewed_foursquare, layout_loops_ring, grunt_decor_cap
D:3:      wad_crossroads, layout_basic, uniq_sigmund
D:4:      layout_rooms, nicolae_elyvilon_temple_path,
          nemelex_xobeh_ov_fountains_minmay, nicolae_sif_muna_condensation
D:5:      layout_cave_pools, amcnicky_altar_gilded, uniq_duvessa
D:6:      layout_layer_cave, kennysheep_little_box,
          mainiacjoe_overflow_chevrons, minmay_temple_entry_hall,
          gammafunk_ghost_nasty_kobolds
D:7:      layout_cave_pools, grunt_qazlal_sundering, nzn_hepliaklqana_mist_gate,
          st_stairs_11, grunt_ministairs_8, hangedman_glass_teeth,
          chequers_mini_garden
D:8:      minmay_four_partial_circles, layout_cave_pools, trog_ov_bears_minmay,
          kennysheep_flooded_box
D:9:      layout_stronghold, mainiacjoe_overflow_concentric_impassable,
          minmay_statue_crystal_thing, uniq_psyche
D:10:     layout_rooms, vehumet_statue, uniq_fannar
D:11:     layout_irregular_city, dpeg_oklobed_lair, serial_co_window_serial,
          co_window_corner_a, co_window_paths_a, co_window_corner_a,
          co_window_of_opportunity_a, co_window_paths_a, co_window_corner_ca,
          co_window_corner_b, co_window_broadway_b, co_window_broadway_b,
          co_window_broadway_a, glass_columns_b, glass_columns_b,
          glass_columns_b, uniq_nergalle
D:12:     minmay_the_grid_octo_2x2 [minmay_the_grid_octo_focus,
          minmay_the_grid_octo_toaster, minmay_the_grid_octo_chip,
          minmay_the_grid_octo_prize_ultimate_mussel_roller],
          layout_irregular_city
Temple:   nicolae_temple_ecumenical_triangle
Lair:1:   layout_cave_pods, serial_rivers, chequers_serial_rivers_small_a,
          chequers_serial_rivers_micro_b, chequers_serial_rivers_micro_c,
          chequers_serial_rivers_micro_b

Skill      XL: |  1  2  3  4  5  6  7  8  9 10 11 12 13 |
---------------+----------------------------------------+-----
Conjurations   | 2 3 4 5 6 7 |  7.4
Spellcasting   | 5 6 7 8 9 |  9.9
Invocations    | 1 2 3 4 5 6 7 8 9 |  9.3
Fighting       | 1 2 3 5 6 7 8 |  8.5
Short Blades   | 1 2 3 5 6 7 8 |  8.5
Long Blades    | 1 2 3 5 6 7 8 |  8.5
Axes           | 1 2 3 5 6 7 8 |  8.5
Maces & Flails | 1 2 3 5 6 7 8 |  8.5
Polearms       | 1 2 3 5 6 7 8 |  8.5
Staves         | 1 2 3 5 6 7 8 |  8.5
Ranged Weapons | 1 2 3 5 6 7 8 |  8.5
Throwing       | 1 2 3 5 6 7 8 |  8.5
Armour         | 1 2 3 5 6 7 8 |  8.5
Shields        | 1 2 3 5 6 7 8 |  8.5
Unarmed Combat | 1 2 3 5 6 7 8 |  8.5
Evocations     | 1 2 3 5 6 7 8 |  8.5
Shapeshifting  | 1 2 3 4 5 6 7 |  7.7
Hexes          | 1 2 3 4 5 6 7 |  7.0
Summonings     | 1 2 3 4 5 6 7 |  7.0
Necromancy     | 1 2 3 4 5 6 7 |  7.0
Translocations | 1 2 3 4 5 6 7 |  7.0
Fire Magic     | 1 2 3 4 5 6 7 |  7.0
Ice Magic      | 1 2 3 4 5 6 7 |  7.0
Air Magic      | 1 2 3 4 5 6 7 |  7.0
Earth Magic    | 1 2 3 4 5 6 7 |  7.0
Dodging        | 5 6 7 8 9 |  9.7
Stealth        | 5 6 7 8 9 |  9.5
Alchemy        | 6 7 8 9 |  9.0

Action                     |  1- 3 |  4- 6 |  7- 9 | 10-12 | 13-15 || total
---------------------------+-------+-------+-------+-------+-------++-------
  Melee: Unarmed           |       |     3 |       |       |       ||     3
         Bite              |       |     2 |    12 |    36 |    11 ||    61
         Punch             |       |     1 |     6 |    27 |     5 ||    39
         Staff             |       |    18 |   114 |    37 |     1 ||   170
         Whip              |       |       |       |   181 |    39 ||   220
  Throw: Throwing net      |       |       |       |       |     2 ||     2
   Cast: Sting             |    61 |    69 |    57 |    38 |     1 ||   226
         Mephitic Cloud    |       |     3 |     7 |    24 |     1 ||    35
         Mercury Vapours   |       |     2 |       |       |       ||     2
         Olgreb's Toxic Ra |       |       |    23 |    52 |    13 ||    88
         Frozen Ramparts   |       |       |     6 |    13 |     3 ||    22
         Sticky Flame      |       |       |    13 |    52 |    10 ||    75
         Call Imp          |       |       |     4 |     7 |       ||    11
         Yara's Violent Un |       |       |       |     5 |       ||     5
         Blink             |       |       |       |     3 |       ||     3
  Evoke: Wand              |       |       |       |     3 |       ||     3
         Box of beasts     |       |       |       |       |     1 ||     1
    Use: Potion            |       |       |     8 |     9 |     1 ||    18
         Scroll            |       |       |    10 |     4 |       ||    14
   Stab: Confused          |       |       |     2 |     5 |       ||     7
         Held in net/web   |       |       |       |       |     1 ||     1
 Armour: Robe              |     8 |    24 |    77 |   180 |    37 ||   326
  Dodge: Dodged            |     8 |    27 |    82 |   144 |    28 ||   289
  Block: Buckler           |       |       |       |       |     7 ||     7
